 Dungeon Crawl Stone Soup version 0.17.0-57-g0e89251 (webtiles) character file.

93 sugabear the Cudgeler (level 4, -11/27 HPs)
             Began as a Gargoyle Gladiator on Dec 8, 2015.
             Killed by divine providence
             ... invoked by an orc priest
              (14 damage)
             ... on level 3 of the Dungeon.
             The game lasted 00:02:38 (2567 turns).

sugabear the Cudgeler (Gargoyle Gladiator)          Turns: 2567, Time: 00:02:38

Health: -11/27     AC:  7    Str: 19    XL:     4   Next: 61%
Magic:  4/4        EV: 12    Int:  8    God:
Gold:   157        SH:  0    Dex: 11    Spells: 0 memorised, 3 levels left

rFire  + . .     SeeInvis .     a - +0 flail
rCold  + . .     Clarity  .     b - +0 leather armour
rNeg   + . .     SustAt   .     (no shield)
rPois  ∞         Gourm    .     c - +0 helmet
rElec  +         Spirit   .     (no cloak)
rCorr  +         Warding  .     (no gloves)
rMut   .         Stasis   .     (no boots)
MR     .....                    (no amulet)
Stlth  +.........               (no ring)
                                (no ring)

@: resistant, flying, hasted, very quick, not resistant to hostile enchantments,
very unstealthy
A: negative energy resistance 1, electricity resistance, unbreathing,
petrification resistance, rot immunity, AC +3
a: no special abilities


You were on level 3 of the Dungeon.
You were hungry.

You visited 1 branch of the dungeon, and saw 4 of its levels.

You collected 157 gold pieces.

Inventory:

Hand Weapons
 a - a +0 flail (weapon)
Missiles
 d - 3 throwing nets (quivered)
Armour
 b - a +0 leather armour (worn)
 c - a +0 helmet (worn)
Jewellery
 k - an uncursed amulet of rage {unknown}
 m - an uncursed amulet of the gourmand {unknown}
Scrolls
 j - 5 scrolls of identify {unknown}
 l - a scroll of blinking {unknown}
 n - a scroll of remove curse {unknown}
 o - a scroll of enchant weapon {unknown}
 q - a scroll of immolation {unknown}
 s - a scroll of enchant armour {unknown}
 t - a scroll of magic mapping {unknown}
Potions
 f - a potion of agility {unknown}
 u - a potion of haste
Comestibles
 e - 2 bread rations
 g - a slice of pizza
 h - 3 fruits
 i - 2 beef jerkies


   Skills:
 + Level 2.8 Fighting
 + Level 3.3 Maces & Flails
 + Level 2.4 Throwing
 + Level 1.4 Armour
 + Level 3.2 Dodging
 + Level 0.2 Stealth


You had 3 spell levels left.
You didn't know any spells.

Dungeon Overview and Level Annotations

Branches:
Dungeon (4/15)
 Temple: D:4-7

Altars:


Innate Abilities, Weirdness & Mutations

You are resistant to torment.
Your stone body is resilient (AC +3).
You are immune to poison.
You resist negative energy.
You are resistant to electric shocks.
You can survive without breathing.
You are immune to petrification.
You are immune to rotting.


Message History

You are too injured to fight recklessly!
Unknown command.
Drink which item? (? for menu, Esc to quit)
It was a potion of flight.
You feel very buoyant.
You fly up into the air.
The orc hits you but does no damage.
The orc priest looks braver for a moment.
The orc hits you but does no damage.
Unknown command.
Drink which item? (? for menu, Esc to quit)
It was a potion of resistance.
You feel protected. The orc barely misses you.
The orc priest completely misses you. The orc barely misses you.
Drink which item? (? for menu, Esc to quit)
It was a potion of haste.
You feel yourself speed up. The orc misses you.
The orc priest calls down the wrath of Beogh upon you.
Something smites you!
Ouch! That really hurt!
You die...

#....(.# #..#..#.#.##...#
#......######.#..#.#.##...#
#####......##......#.##...# #
#..###.##....#...###### #
#..#<..###...#.### #
#..#.........#.# #
#...(..........# #
##.#....##.#o#.### #
#.####.##..@o...# ######.#
#.#####o.#.# )......#
#........#.#
#################..#.#####
)......[.....# ##>#.....#
############.#####.#####.#
#.......#..#.........#.#######
#.#####.#..#.###.##...........
#.#....<...#.# #.#####.#######


You could see an orc priest and 2 orcs.

Vanquished Creatures
  The ghost of Wextippler the Vexing, a weakling SpAM (D:3)
  An adder (D:3)
  3 worms
  2 orcs
  7 bats
  6 hobgoblins
  8 jackals
  3 kobolds
  A quokka (D:2)
  3 giant cockroaches (D:1)
  2 giant newts (D:2)
  2 goblins (D:2)
  2 rats (D:1)
41 creatures vanquished.

Notes
Turn   | Place    | Note
--------------------------------------------------------------
     0 | D:1      | sugabear the Gargoyle Gladiator began the quest for the Orb.
     0 | D:1      | Reached XP level 1. HP: 12/12 MP: 1/1
   291 | D:1      | Reached XP level 2. HP: 12/17 MP: 2/2
  1087 | D:2      | Reached XP level 3. HP: 14/21 MP: 3/3
  2024 | D:3      | Noticed Wextippler's ghost (weakling SpAM)
  2042 | D:3      | Killed Wextippler's ghost
  2042 | D:3      | Reached skill level 1 in Armour
  2042 | D:3      | Reached XP level 4. HP: 15/27 MP: 4/4
  2567 | D:3      | Killed from afar by an orc priest

Action                   |  1- 3 |  4- 6 || total
-------------------------+-------+-------++-------
Melee: Flail             |   123 |    39 ||   162
Throw: Throwing net      |     1 |       ||     1
  Use: Potion            |       |     3 ||     3
 Stab: Sleeping          |       |     1 ||     1
  Eat: Chunk             |     4 |     1 ||     5
